 Dungeon Crawl Stone Soup version 0.31-a0-175-g9f7f995f2b (webtiles) character file.

Game seed: 16461123289624763874

168 qw the Shooter (level 5, -1/32 HPs)
             Began as a Gargoyle Hunter on June 16, 2023.
             Slain by a gnoll
             ... wielding a +0 spear
             ... led by a gnoll sergeant
              (7 damage)
             ... on level 4 of the Dungeon.
             The game lasted 00:00:49 (2390 turns).

qw the Shooter (Gargoyle Hunter)                    Turns: 2390, Time: 00:00:49

Health: -1/32      AC: 12    Str: 14    XL:     5   Next: 49%
Magic:  5/5        EV: 11    Int: 10    God:
Gold:   142        SH:  5    Dex: 15    Spells: 4/4 levels left

rFire   . . .        Y - +1 shortbow
rCold   . . .        (shield currently unavailable)
rNeg    + . .        j - +0 ring mail
rPois   inf          m - +1 helmet {SInv}
rElec   +            (no cloak)
rCorr   .            a - +0 pair of gloves
SInv    +            (no boots)
Will    .....        h - amulet of reflection
Stlth   +            (no ring)
HPRegen 0.25/turn    (no ring)
MPRegen 0.09/turn

%: reflection
@: no status effects
A: sickness immunity, AC +4, negative energy resistance 1, electricity
resistance, torment resistance 1, petrification resistance
a: no special abilities


You were on level 4 of the Dungeon.
You visited 1 branch of the dungeon, and saw 4 of its levels.

You collected 142 gold pieces.


Innate Abilities, Weirdness & Mutations

You are immune to sickness and miasma.
Your stone body is resilient. (AC +4)
You are immune to poison.
You resist negative energy. (rN+)
You are resistant to electric shocks. (rElec)
You are resistant to unholy torment.
You are immune to petrification.


   Skills:
 - Level 3.0 Fighting
 + Level 5.6 Ranged Weapons
 - Level 2.6 Armour
 - Level 1.5 Dodging
 - Level 1.1 Stealth


You had 4 spell levels left.
You didn't know any spells.
Your spell library was empty.

Inventory:

Hand Weapons
 Y - a +1 shortbow (weapon)
Armour
 a - a +0 pair of gloves (worn)
 j - a +0 ring mail (worn)
 m - a +1 helmet of see invisible (worn)
Jewellery
 h - an amulet of reflection (around neck)
Scrolls
 l - a scroll of identify
Potions
 b - a potion of heal wounds {unknown}
 d - a potion of cancellation {unknown}
 e - a potion of brilliance {unknown}
 g - a potion of invisibility {unknown}
 i - a potion of attraction {unknown}

Dungeon Overview and Level Annotations

Branches:
Dungeon (4/15)
 Temple: D:4-7

Altars:
Dithmenos
Kikubaaqudgha


Message History

You shoot an arrow. The arrow hits the gnoll sergeant.
The gnoll sergeant is severely wounded.
The gnoll sergeant hits you from afar with a +0 spear.
You block the gnoll sergeant's attack.
You shoot an arrow. The arrow hits the gnoll sergeant.
The gnoll sergeant is almost dead.
The gnoll sergeant barely misses you.
You shoot an arrow. The arrow hits the gnoll sergeant.
You kill the gnoll sergeant!
Your Armour skill gained 2 levels and is now at level 2!
You have reached level 5!
You shoot an arrow. The arrow hits the gnoll.
The gnoll is lightly wounded.
The gnoll hits you from afar with a +0 heavy spear.
You shoot an arrow. The arrow hits the gnoll!
The gnoll is severely wounded.
The gnoll barely misses you.
You shoot an arrow.
The arrow hits the gnoll but does no damage.
The gnoll is severely wounded.
The gnoll closely misses you.
You shoot an arrow.
The arrow hits the gnoll but does no damage.
The gnoll is severely wounded.
The gnoll closely misses you.
You shoot an arrow. The arrow hits the gnoll!
You kill the gnoll!
You shoot an arrow. The arrow hits the gnoll!
The gnoll is severely wounded.
You block the gnoll's attack. The gnoll barely misses you. x2
The gnoll hits you with a +0 halberd.
You shoot an arrow. The arrow closely misses the gnoll.
The gnoll closely misses you. You block the gnoll's attack.
You shoot an arrow. The arrow hits the gnoll.
The gnoll is almost dead.
The gnoll hits you but does no damage. x2
You shoot an arrow. The arrow barely misses the gnoll.
The gnoll hits you but does no damage.
The gnoll hits you from afar with a +0 spear!
You die...

.........#:.....#
.........#......#
.(.......#......#
...g.....#......#
.........#......#
......#......#
.............#
......###g#)##
......g.@.#.#
^.....#####.#
..... ..# ....
#.# ... ... ..
#.# .


You could see 2 gnolls.

Vanquished Creatures
  A gnoll sergeant (D:4)
  A gnoll (D:4)
  4 adders
  2 worms
  A dart slug (D:3)
  An orc (D:4)
  5 ball pythons
  A bat (D:3)
  5 endoplasms
  4 giant cockroaches
  4 goblins
  4 hobgoblins
  A quokka (D:2)
  4 frilled lizards
  7 kobolds
  3 rats
48 creatures vanquished.

Notes
Turn   | Place    | Note
-------+----------+-------------------------------------------
     0 | D:1      | qw the Gargoyle Hunter began the quest for the Orb.
     0 | D:1      | Reached XP level 1. HP: 12/12 MP: 1/1
     0 | D:1      | 0 ||| qw: Version: 0.2-a-29-g511e9b1
     0 | D:1      | 0 ||| qw: Game counter: 3
     0 | D:1      | 0 ||| qw: Always use a shield: true
     0 | D:1      | 0 ||| qw: God list: Okawaru
     0 | D:1      | 0 ||| qw: Allow faded altars: false
     0 | D:1      | 0 ||| qw: Do Orc after D:15 true
     0 | D:1      | 0 ||| qw: Do second Lair branch before Depths: true
     0 | D:1      | 0 ||| qw: Lair rune preference: random
     0 | D:1      | 0 ||| qw: Plans: Normal, Zot:1-4, Slime:5, God:TSO, Crypt,
                  | Tomb, Abyss, Pan, Hells, Win
     0 | D:1      | 0 ||| PLANNING D:1-11
   563 | D:1      | Reached XP level 2. HP: 17/17 MP: 2/2
   820 | D:1      | Found a faded altar of an unknown god.
   821 | D:1      | 821 ||| UPGRADING to amulet of reflection.
   826 | D:1      | 826 ||| READING scroll labelled XAASONNEGA.
   827 | D:1      | 827 ||| READING 2 scrolls labelled PECZUAKEPT.
   828 | D:1      | 828 ||| READING scroll labelled OTROITZA XOEBB.
   829 | D:1      | 829 ||| READING scroll labelled POIQUT TAEN FUT.
   830 | D:1      | 830 ||| DROPPING scroll of butterflies.
   831 | D:1      | 831 ||| DROPPING scroll of immolation.
   956 | D:2      | Reached XP level 3. HP: 21/21 MP: 3/3
  1058 | D:2      | Reached skill level 5 in Ranged Weapons
  1290 | D:2      | Reached skill level 3 in Fighting
  1351 | D:2      | Reached XP level 4. HP: 28/28 MP: 4/4
  1493 | D:2      | Found a shadowy altar of Dithmenos.
  1510 | D:2      | 1510 ||| UPGRADING to +0 pair of gloves.
  1515 | D:2      | 1515 ||| READING scroll labelled WAHOTT VEWUCA.
  1516 | D:2      | 1516 ||| READING scroll labelled ONES NYEKUTEA.
  1802 | D:3      | Found an ancient bone altar of Kikubaaqudgha.
  2261 | D:3      | 2261 ||| UPGRADING to +0 ring mail.
  2271 | D:3      | 2271 ||| DROPPING +0 leather armour.
  2272 | D:3      | 2272 ||| UPGRADING to +1 helmet of see invisible.
  2277 | D:3      | 2277 ||| READING scroll labelled ZEDICI MYLIYGAM.
  2278 | D:3      | 2278 ||| READING scroll labelled PAS WU XEZI.
  2367 | D:4      | Noticed a gnoll sergeant
  2370 | D:4      | 2370 ||| Stepping ~*~*~tactically~*~*~ (outnumbered).
  2374 | D:4      | HP: 7/28 [gnoll sergeant/+0 spear (12)]
  2379 | D:4      | HP: 5/28 [gnoll sergeant/+0 spear (1)]
  2381 | D:4      | Killed a gnoll sergeant
  2382 | D:4      | Reached XP level 5. HP: 7/32 MP: 5/5
  2387 | D:4      | HP: 5/32 [gnoll/+0 halberd[a gnoll sergeant] (3)]
  2390 | D:4      | Slain by a gnoll

Levels and vault maps discovered:
D:1:      heliophobic_arrival_dark_side_of_the_moon, layout_loops_corners,
          hellmonk_ecumenical_altar_inner_sanctum, minmay_tromino_i4
D:2:      layout_basic, basic_altar
D:3:      layout_basic, nicolae_kikubaaqudgha_miasma_corner
D:4:      layout_basic, lemuel_tele_altar, serial_curves, eino_curves_01,
          eino_curves_04

Skill      XL: |  1  2  3  4 |
---------------+-------------+-----
Ranged Weapons | 5 |  5.6
Fighting       | 3 |  3.0
Armour         | 2 |  2.6
Dodging        | |  1.5
Stealth        | |  1.1

Action                     |  1- 3 |  4- 6 || total
---------------------------+-------+-------++-------
   Fire: Shortbow          |    91 |    86 ||   177
    Use: Scroll            |     4 |     4 ||     8
 Armour: Leather armour    |    15 |     4 ||    19
         Ring mail         |       |     4 ||     4
  Dodge: Dodged            |    12 |    18 ||    30
  Block: Other             |     4 |     8 ||    12

Table legend:
 A = Non-vault XP
 B = Vault XP
 C = Vault XP percentage of total XP
 D = Non-vault monster count
 E = Vault monster count
 F = Vault count percentage of total count
                 A         B        C        D         E       F
            +---------+---------+-------+---------+---------+-------
      Total |     237 |       4 |   1.7 |      46 |       2 |   4.2
            +---------+---------+-------+---------+---------+-------
        D:1 |       8 |       4 |  33.3 |       6 |       2 |  25.0
        D:2 |      80 |       0 |   0.0 |      23 |       0 |   0.0
        D:3 |      40 |       0 |   0.0 |      13 |       0 |   0.0
        D:4 |     109 |       0 |   0.0 |       4 |       0 |   0.0
            +---------+---------+-------+---------+---------+-------
